 Dungeon Crawl Stone Soup version 0.25-a0-458-g6fc7858b95 (webtiles) character file.

Game seed: 8723064712381177921, levelgen mode: deterministic

0 glosham the Skirmisher (level 1, -17/18 HPs)
             Began as a Merfolk Abyssal Knight on Feb 4, 2020.
             Was a Follower of Lugonu.
             Demolished by a tentacled starspawn (29 damage)
             ... on level 1 of the Abyss.
             The game lasted 00:03:13 (157 turns).

glosham the Skirmisher (Merfolk Abyssal Knight)      Turns: 157, Time: 00:03:14

Health: -17/18     AC:  3    Str: 12    XL:     1   Next: 0%
Magic:  2/2        EV: 12    Int: 11    God:    Lugonu [*.....]
Gold:   0          SH:  0    Dex: 13    Spells: 0/0 levels left

rFire    . . .     SeeInvis .   a - +1 spear
rCold    . . .     Gourm    .   (no shield)
rNeg     . . .     Faith    .   b - +0 leather armour
rPois    .         Spirit   .   (no helmet)
rElec    .         Reflect  .   (no cloak)
rCorr    .         Harm     .   (no gloves)
MR       .....                  (no boots)
Stlth    +.........             (no amulet)
HPRegen  0.06/turn              (no ring)
MPRegen  0.08/turn              (no ring)

@: no status effects
A: change form in water, swift swim, stealthy swim
a: Depart the Abyss, Renounce Religion


You were on level 1 of the Abyss.
You worshipped Lugonu.
Lugonu was aware of your devotion.
You were not hungry.

You visited 0 branches of the dungeon, and saw 0 of its levels.
You visited the Abyss 1 time.

Inventory:

Hand Weapons
 a - a +1 spear (weapon)
Armour
 b - a +0 leather armour (worn)
Comestibles
 c - a ration


   Skills:
 - Level 3.2 Fighting
 * Level 3.0 Polearms
 - Level 0.6 Armour
 - Level 2.6 Dodging
 - Level 2.0 Invocations


You couldn't memorise any spells.
You didn't know any spells.
Your spell library was empty.

Dungeon Overview and Level Annotations

Branches:
Dungeon (0/15)

Altars:


Message History

Your legs become a tail as you enter the water.
Your legs become a tail as you enter the water.
Your legs become a tail as you enter the water.
A small abomination comes into view.
Found a short sword and a leather armour.
A large abomination comes into view.
Found a corrupted altar of Lugonu.
Found 21 stones.
A tentacled starspawn comes into view.
Tentacles burst from the starspawn's body! 2 starspawn tentacles come into view.
The starspawn tentacle grabs you. The starspawn tentacle constricts you.
You escape the starspawn tentacle's grasp.
A tentacle flies out from the starspawn's body!
A starspawn tentacle comes into view.
A starspawn tentacle comes into view.
The starspawn tentacle grabs you. The starspawn tentacle constricts you.
You escape the starspawn tentacle's grasp.
Found a cyan potion.
A chaos spawn comes into view.
A vampire comes into view.
The vampire casts a spell.
The vampire flickers and vanishes!
The chaos spawn bleats!
Found a scroll labeled DIK NUTOALON.
Found a scroll labeled UXTAOROU ADWO.
You see here a scroll labeled DIK NUTOALON.
As you read the scroll labeled DIK NUTOALON, it crumbles to dust.
It is a scroll of identify.
You don't have any unidentified items.
Tentacles burst from the starspawn's body! 2 starspawn tentacles come into view.
The starspawn tentacle grabs you. The starspawn tentacle constricts you.
The starspawn tentacle loses its grip on you.
The tentacle pulls you backwards!
The starspawn tentacle barely misses you. 3 starspawn tentacle segments come into view.
The tentacled starspawn bites you!!
Ouch! That really hurt!
You die...

.
#.###....4##.#.####
..# #.###....##...#
#.# {. . # ..# #
.4##...#X#.### .#
... #..#.##X.# ...#
#.###..###...#....#
#...4#.#.#..##.## .
# ####.Λ..#...## #
#.. #...│wX#......
.. #...#│.@..#..#
#. #.####─w#.##.#
#. .. #.#........ .
#. #..#.#?..... #
#.##..####.. ##
#.## # ###


You could see a tentacled starspawn, a chaos spawn and 2 starspawn tentacles.

Vanquished Creatures (others)
  4 starspawn tentacles (Abyss:1)
4 creatures vanquished.

Notes
Turn   | Place    | Note
-------+----------+-------------------------------------------
     0 | Abyss:1  | glosham the Merfolk Abyssal Knight began the quest for the
                  | Orb.
     0 | Abyss:1  | Reached XP level 1. HP: 18/18 MP: 2/2
    53 | Abyss:1  | Noticed a starcursed mass
    90 | Abyss:1  | Noticed a small abomination
    91 | Abyss:1  | Noticed a large abomination
   100 | Abyss:1  | Noticed an iron imp
   104 | Abyss:1  | Found a corrupted altar of Lugonu.
   110 | Abyss:1  | Noticed a tentacled starspawn
   127 | Abyss:1  | Noticed a chaos spawn
   141 | Abyss:1  | Noticed a vampire
   157 | Abyss:1  | Demolished by a tentacled starspawn

Levels and vault maps discovered:
Abyss:1

Action                   || total
-------------------------++-------
  Use: Scroll            ||     1
Dodge: Dodged            ||     1

Table legend:
 A = Non-vault XP
 B = Vault XP
 C = Vault XP percentage of total XP
 D = Non-vault monster count
 E = Vault monster count
 F = Vault count percentage of total count
                 A         B        C        D         E       F
            +---------+---------+-------+---------+---------+-------
      Total |       0 |       0 |   N/A |       0 |       0 |  -nan
            +---------+---------+-------+---------+---------+-------
            +---------+---------+-------+---------+---------+-------

Table legend:
 A = Turns spent in this place as a percentage of turns spent in the entire game.
 B = Non-inter-level travel turns spent in this place as a percentage of non-inter-level travel turns spent in the entire game.
 C = Inter-level travel turns spent in this place as a percentage of turns spent in this place.
 D = Turns resting spent in this place as a percentage of non-inter-level travel turns spent in this place.
 E = Turns spent auto-exploring this place as a percentage of non-inter-level travel turns spent in this place.
 F = Non-inter-level travel turns spent in this place divided by the number of levels of this place that you've seen.
                   A       B       C       D       E      F
               +-------+-------+-------+-------+-------+----------------------
         Total | 100.0 | 100.0 |   0.0 |   0.0 |   0.0 | 157.0
         Abyss | 100.0 | 100.0 |   0.0 |   0.0 |   0.0 | 157.0
               +-------+-------+-------+-------+-------+----------------------

Levels and vault maps discovered:
Abyss:1
